Map: New Gettysburg LE

Players

Jamileon - Winner!

  • Race: Protoss Protoss
  • League: Grandmaster

KingLucky

  • Race: Protoss Protoss
  • League: Grandmaster

Event: Cheesadelphia Summer 2016

VOD

Have the link to the VOD?

Description

Time

  • Played on: July 23, 2016, 12:37 p.m.
  • Length: 10:45

All games in this series

Show
View Real Time Build Order
Export as new Build Order

Jamileon Protoss - Winner!

Build Orders: Oracle Opening 

Get SALT Encoding   

  12  0:01  Probe (Chrono Boost)  
  13  0:11  Probe (Chrono Boost)  
  14  0:19  Pylon  
  14  0:22  Probe (Chrono Boost)  
  15  0:37  Probe (Chrono Boost)  
  15  0:38  Gateway  
  15  0:41  Assimilator  
  16  0:48  Probe (Chrono Boost)  
  17  0:54  Assimilator  
  17  0:59  Probe (Chrono Boost)  
  18  1:09  Probe (Chrono Boost), Gateway  
  19  1:20  Probe (Chrono Boost)  
  20  1:27  Cybernetics Core  
  20  1:30  Probe (Chrono Boost)  
  21  1:41  Probe (Chrono Boost)  
  21  1:44  Pylon  
  22  1:49  Warp Gate  
  22  1:51  Probe (Chrono Boost)  
  23  2:03  Stalker  
  23  2:05  Stalker  
  27  2:13  Mothership Core (Chrono Boost)  
  29  2:17  Pylon  
  29  2:33  Stalker  
  29  2:35  Stalker  
  33  2:46  Pylon  
  34  2:51  Probe (Chrono Boost)  
  34  3:11  Probe (Chrono Boost), Stargate  
  34  3:12  Stalker x2  
  37  3:25  Probe (Chrono Boost)  
  38  3:43  Nexus  
  38  3:53  Oracle  
  40  4:00  Probe (Chrono Boost)  
  38  4:10  Probe (Chrono Boost)  
  39  4:21  Probe (Chrono Boost)  
  40  4:26  Pylon  
  40  4:29  Phoenix  
  38  4:39  Stalker  
  38  4:40  Probe (Chrono Boost)  
  39  4:51  Probe (Chrono Boost)  
  40  4:53  Sentry  
  42  5:01  Probe x2 (Chrono Boost)  
  42  5:03  Sentry  
  46  5:13  Probe (Chrono Boost)  
  47  5:23  Probe (Chrono Boost), Stalker  
  47  5:24  Probe (Chrono Boost)  
  50  5:33  Probe (Chrono Boost)  
  51  5:38  Robotics Facility  
  51  5:43  Sentry  
  51  5:46  Probe x2 (Chrono Boost)  
  53  6:00  Probe x2 (Chrono Boost)  
  55  6:05  Forge  
  55  6:10  Probe (Chrono Boost)  
  55  6:11  Probe (Chrono Boost)  
  57  6:21  Probe (Chrono Boost)  
  57  6:22  Probe (Chrono Boost)  
  57  6:23  Observer, Pylon  
  59  6:32  Probe (Chrono Boost), Protoss Ground Weapons Level 1, Pylon  
  62  6:34  Probe (Chrono Boost)  
  62  6:43  Assimilator  
  62  6:44  Probe (Chrono Boost)  
  62  6:46  Twilight Council  
  64  6:48  Probe (Chrono Boost)  
  64  6:51  Immortal  
  70  7:03  Probe x2 (Chrono Boost)  
  70  7:12  Charge  
  70  7:15  Probe x2 (Chrono Boost)  
  72  7:19  Pylon  
  72  7:26  Immortal  
  72  7:27  Probe (Chrono Boost)  
  72  7:28  Probe (Chrono Boost)  
  78  7:38  Assimilator  
  78  7:39  Probe (Chrono Boost)  
  78  7:43  Probe (Chrono Boost)  
  81  7:51  Probe (Chrono Boost)  
  81  7:53  Gateway  
  81  7:54  Gateway  
  81  7:59  Templar Archives  
  81  8:00  Warp Prism  
  81  8:05  Gateway  
  83  8:11  Probe (Chrono Boost)  
  84  8:21  Zealot, Pylon  
  84  8:23  Gateway  
  86  8:27  Pylon  
  86  8:28  Pylon  
  86  8:44  Nexus  
  85  8:57  High Templar x2  
  85  8:58  Zealot, High Templar  
  85  9:02  Archon  
  93  9:14  High Templar  
  94  9:18  Probe x2 (Chrono Boost)  
  94  9:20  Archon  
  94  9:21  Zealot  
  96  9:24  Pylon  
  96  9:27  Zealot x2  
  100  9:32  High Templar  
  100  9:35  High Templar  
  104  9:39  Archon  
  104  9:43  Zealot, Assimilator  
  106  9:47  Zealot x3  
  98  10:07  Zealot x5  
  100  10:09  Zealot, Gateway x2  
  108  10:25  Zealot  
  108  10:26  Zealot  
  106  10:31  High Templar x4  
  106  10:35  Archon x2  
Show
View Real Time Build Order
Export as new Build Order

KingLucky Protoss 

Build Orders: Oracle Opening 

Get SALT Encoding   

  12  0:01  Probe (Chrono Boost)  
  13  0:11  Probe (Chrono Boost)  
  14  0:18  Pylon  
  14  0:23  Probe (Chrono Boost)  
  15  0:36  Probe (Chrono Boost)  
  15  0:37  Gateway  
  16  0:43  Assimilator  
  16  0:47  Probe (Chrono Boost)  
  17  0:52  Assimilator  
  17  1:01  Probe (Chrono Boost)  
  18  1:11  Probe (Chrono Boost)  
  18  1:13  Gateway  
  19  1:22  Probe (Chrono Boost)  
  19  1:24  Cybernetics Core  
  21  1:32  Probe (Chrono Boost)  
  21  1:37  Pylon  
  21  1:43  Probe (Chrono Boost)  
  23  1:54  Probe (Chrono Boost)  
  23  1:58  Adept  
  23  1:59  Adept  
  27  2:02  Warp Gate  
  27  2:14  Stargate  
  27  2:25  Mothership Core (Chrono Boost)  
  27  2:26  Pylon  
  29  2:38  Pylon  
  29  2:50  Stalker  
  33  2:56  Oracle  
  31  3:14  Stalker  
  32  3:21  Probe (Chrono Boost), Gateway  
  34  3:32  Oracle  
  31  4:06  Probe (Chrono Boost)  
  32  4:11  Stalker x2  
  35  4:18  Stalker  
  35  4:22  Probe (Chrono Boost)  
  38  4:29  Nexus  
  38  4:34  Probe (Chrono Boost)  
  39  4:49  Stalker  
  38  4:53  Stalker  
  39  5:05  Pylon  
  39  5:18  Pylon  
  39  5:25  Probe (Chrono Boost)  
  40  5:36  Probe (Chrono Boost)  
  40  5:37  Robotics Facility  
  40  5:42  Probe (Chrono Boost)  
  42  5:46  Probe (Chrono Boost)  
  43  5:52  Probe (Chrono Boost)  
  44  5:57  Probe (Chrono Boost)  
  44  6:03  Probe (Chrono Boost)  
  45  6:06  Sentry x3  
  45  6:07  Probe (Chrono Boost)  
  49  6:13  Probe (Chrono Boost)  
  49  6:18  Probe (Chrono Boost)  
  51  6:23  Twilight Council  
  51  6:24  Probe (Chrono Boost)  
  51  6:25  Observer  
  53  6:28  Probe (Chrono Boost)  
  54  6:34  Probe (Chrono Boost)  
  54  6:39  Probe (Chrono Boost)  
  56  6:45  Probe (Chrono Boost)  
  57  6:47  Immortal  
  57  6:48  Blink  
  57  6:51  Probe (Chrono Boost)  
  62  6:55  Probe (Chrono Boost)  
  63  7:03  Probe (Chrono Boost)  
  63  7:06  Probe (Chrono Boost)  
  65  7:13  Assimilator  
  65  7:15  Probe (Chrono Boost), Assimilator  
  66  7:16  Probe (Chrono Boost)  
  66  7:21  Pylon  
  67  7:27  Probe x2 (Chrono Boost)  
  67  7:29  Pylon  
  69  7:37  Probe (Chrono Boost)  
  69  7:40  Probe (Chrono Boost)  
  71  7:45  Immortal  
  71  7:47  Gateway  
  71  7:48  Probe (Chrono Boost)  
  71  7:49  Gateway  
  77  7:53  Probe (Chrono Boost)  
  77  7:58  Probe (Chrono Boost), Pylon  
  78  8:09  Forge  
  78  8:15  Nexus  
  78  8:18  Stalker  
  80  8:22  Sentry x2, Warp Prism  
  86  8:27  Protoss Ground Weapons Level 1  
  86  8:31  Probe (Chrono Boost)  
  86  8:33  Probe (Chrono Boost)  
  88  8:34  Pylon  
  89  8:43  Probe (Chrono Boost)  
  89  8:45  Sentry x2  
  89  8:48  Pylon  
  93  8:51  Probe (Chrono Boost)  
  95  8:56  Probe (Chrono Boost)  
  95  8:58  Sentry x2, Adept  
  101  9:12  Adept x2  
  105  9:18  Pylon x2  
  105  9:27  Immortal  
  105  9:30  Adept x3  
  111  9:34  Adept x2  
  83  10:00  Adept x5  
  83  10:03  Immortal  
  89  10:10  Gateway  
  89  10:11  Gateway  
  89  10:12  Pylon  
  95  10:22  Probe x2 (Chrono Boost)  
  88  10:33  Adept x5  
Tags
 
Add a new tag
Caveats
  • Supply blocks, unpowered buildings, or Contaminate may cause inaccurate times.
  • Supply counts are checked every 10 seconds.